 Dungeon Crawl Stone Soup version 0.30-a0-263-ge22c4ad894 (webtiles) character file.

Game seed: 12694929804621428384

91543 slphil the Fighter (level 16, -7/176 HPs)
             Began as a Djinni Fire Elementalist on Oct 14, 2022.
             Was the Champion of Ashenzari.
             Killed from afar by a frost giant (40 damage)
             ... with a bolt of cold
             ... on level 15 of the Dungeon.
             The game lasted 01:17:52 (22790 turns).

slphil the Fighter (Djinni Fire Elementalist)      Turns: 22790, Time: 01:17:53

Health: -7/176     AC: 36    Str: 13    XL:     16   Next: 50%
Gold:   1456       EV: 20    Int: 24    God:    Ashenzari [******] SH:  8 Dex: 15

rFire   + + .      SeeInvis +    Y - +9 trident of the Cosmic Seer {pain, Will+ rCorr, Evo, Self} (curse)
rCold   x . .      Faith    .    B - +2 buckler of the Pangnostic Gnosis {Cun, Fort} (curse)
rNeg    + . .      Spirit   .    (body armour currently unavailable)
rPois   ∞          Reflect  .    A - +1 helmet "Ensconced Prison" {Cun, Evo} (curse)
rElec   +          Harm     .    n - scarf of Ashenzari's Oracle {repulsion, Cun, Evo} (curse)
rCorr   +          Rampage  .    (gloves currently unavailable)
Will    ++...      Clarity  +    (boots unavailable)
Stlth   +++++.....               J - amulet "Astrological Optimism" {Regen+, Self, Cun} (curse)
HPRegen 1.29/turn                w - ring "Oracular Incredulity" {Str+6, Cun, Evo} (curse)
MPRegen 0.00/turn                G - ring "Circumscribed Levity" {AC+4, Self, Range} (curse)

@: statue-form, flying, repel missiles, very slow
A: slow and powerful, torment resistance 1, flying, boosted hp, sickness
immunity, fire resistance 2, cold vulnerability 1, float, innate caster, HP
casting, extra vitality 1
a: End Transformation, Renounce Religion, Shatter the Chains


You were on level 15 of the Dungeon.
You worshipped Ashenzari.
Ashenzari was exalted by your worship.
You were a living statue of rough stone.
You visited 2 branches of the dungeon, and saw 20 of its levels.
You also visited: Volcano.

You collected 1765 gold pieces.
You spent 309 gold pieces at shops.

Inventory:

Hand Weapons
 a - a +3 rapier
 L - a +2 scimitar
 R - a +2 quick blade of flaming
 Y - the cursed +9 trident of the Cosmic Seer (weapon) {pain, Will+ rCorr, Evo, Self}
   (You found it on level 4 of the Lair of Beasts)

   In the hands of one skilled in necromantic magic, it inflicts extra damage on
   living creatures.
   Your inability to study Necromancy prevents you from drawing on the full
   power of this weapon.
   rCorr:     It protects you from acid and corrosion.
   Will:      It increases your willpower.
   It has a curse which improves the following skills: Evocations: Evocations.
   Introspection: Fighting and Spellcasting.
Missiles
 y - a throwing net
Armour
 h - the cursed +0 pair of gloves of the Enigmatic Sphere (melded) {Fort, Cun}
   (You found it on level 2 of the Dungeon)

   It has a curse which improves the following skills: Fortitude: Armour and
   Shields.
   Cunning:   Dodging and Stealth.
 n - the cursed scarf of Ashenzari's Oracle (worn) {repulsion, Cun, Evo}
   (You found it on level 5 of the Dungeon)

   It has a curse which improves the following skills: Cunning: Dodging and
   Stealth.
   Evocations: Evocations.
 t - the cursed +3 steam dragon scales "Per Aspera Ad Scientiam" (melded) {Self, Evo}
   (You took it off Maggie on level 6 of the Dungeon)

   It has a curse which improves the following skills: Introspection: Fighting
   and Spellcasting.
   Evocations: Evocations.
 A - the cursed +1 helmet "Ensconced Prison" (worn) {Cun, Evo}
   (You found it on level 7 of the Dungeon)

   It has a curse which improves the following skills: Cunning: Dodging and
   Stealth.
   Evocations: Evocations.
 B - the cursed +2 buckler of the Pangnostic Gnosis (worn) {Cun, Fort}
   (You took it off a spriggan on level 5 of the Lair of Beasts)

   It has a curse which improves the following skills: Cunning: Dodging and
   Stealth.
   Fortitude: Armour and Shields.
Jewellery
 d - a ring of positive energy
 g - a ring of wizardry
 w - the cursed ring "Oracular Incredulity" (left fist) {Str+6, Cun, Evo}
   (You found it on level 6 of the Dungeon)

   [ring of strength]

   Str:       It affects your strength (+6).
   It has a curse which improves the following skills: Cunning: Dodging and
   Stealth.
   Evocations: Evocations.
 E - a ring of wizardry
 G - the cursed ring "Circumscribed Levity" (right fist) {AC+4, Self, Range}
   (You found it on level 8 of the Dungeon)

   [ring of protection]

   AC:        It affects your AC (+4).
   It has a curse which improves the following skills: Introspection: Fighting
   and Spellcasting.
   Ranged Combat: Ranged Weapons and Throwing.
 H - a ring of fire
 J - the cursed amulet "Astrological Optimism" (around neck) {Regen+, Self, Cun}
   (You acquired it on level 9 of the Dungeon)

   [amulet of regeneration]

   Regen:     It increases your rate of health regeneration.
   It has a curse which improves the following skills: Introspection: Fighting
   and Spellcasting.
   Cunning:   Dodging and Stealth.
Wands
 x - a wand of flame (26)
 K - a wand of digging (1)
 O - a wand of iceblast (7)
 Q - a wand of charming (15)
 V - a wand of light (7)
 W - a wand of polymorph (6)
Scrolls
 k - 3 scrolls of poison
 o - 9 scrolls of teleportation
 r - a scroll of brand weapon
 u - 6 scrolls of magic mapping
 v - 3 scrolls of butterflies
 z - 3 scrolls of torment
 D - a scroll of blinking
 I - a scroll of summoning
 M - a scroll of enchant weapon
 N - 7 scrolls of fear
Potions
 b - 9 potions of curing
 e - 9 potions of haste
 f - 9 potions of mutation
 i - 3 potions of attraction
 j - 3 potions of lignification
 l - 3 potions of ambrosia
 m - 11 potions of heal wounds
 p - 6 potions of brilliance
 q - 5 potions of resistance
 s - a potion of invisibility
 C - 3 potions of might
 F - a potion of berserk rage
 X - a potion of cancellation
Miscellaneous
 c - a piece from Xom's chessboard (15/15)


   Skills:
 - Level 14.5(19.6) Fighting
 * Level 12.0 Polearms
 - Level 6.3(9.0) Armour
 - Level 9.3(16.4) Dodging
 - Level 4.5(10.8) Stealth
 + Level 4.4(6.9) Shields
 - Level 11.3(16.4) Spellcasting
 - Level 7.4(13.4) Evocations


You had 8 spell levels left.
You knew the following spells:

 Your Spells              Type           Power      Damage    Failure   Level
a - Foxfire               Conj/Fire      100%       2x1d9     0%          1
b - Scorch                Fire           100%       2d10      0%          2
c - Kindle Blastsparks    Fire/Tloc/Air  100%       2d18      0%          3
d - Inner Flame           Hex/Fire       78%        N/A       0%          3
e - Flame Wave            Conj/Fire      78%        2d17      1%          4
f - Slow                  Hex            100%       N/A       0%          1
g - Wereblood             Tmut           78%        N/A       0%          2
h - Ozocubu's Armour      Ice            78%        N/A       0%          3
i - Summon Lightning Spi  Summ/Air       78%        N/A       1%          4
j - Metabolic Englaciati  Hex/Ice        39%        N/A       1%          5
k - Arcjolt               Conj/Air       39%        1d49      1%          5
l - Statue Form           Tmut/Erth      52%        N/A       1%          6
Your spell library was empty.

Dungeon Overview and Level Annotations

Branches:
Dungeon (15/15)            Temple (0/1) D:5            Lair (5/5) D:10
  Swamp (0/4) Lair:3       Spider (0/4) Lair:3        Slime (0/5) Lair:5
    Orc (0/2) D:9          Vaults (0/5) D:13        Volcano (visited)
 Depths: D:15

Altars:
Ashenzari
Cheibriados
Dithmenos
Elyvilon
Hepliaklqana
Ru
Trog
Uskayaw
Wu Jian
Xom
Yredelemnul
Zin
The Shining One
Jiyva

Shops:
D:2 (   D:4 [

Annotations:
D:6 2 transporters, Zonian's ghost, novice VSRe
Lair:4 2 transporters
Lair:5 1 runed translucent door, jejorda2's ghost, journeyman MfBe


Innate Abilities, Weirdness & Mutations

You are a living statue of rough stone.
Your actions are slow, but your melee attacks are powerful.
You are resistant to unholy torment.
You are flying.
Your maximum health is greatly increased.
Your equipment is partially melded.
You are immune to sickness and miasma.
You are immune to poison.
Your flesh is very heat resistant. (rF++)
You are vulnerable to cold. (rC-)
You float through the air rather than walking.
You learn spells naturally, not from books.
Your magical power is your life essence.
You have superior vitality. (+4 MHP)


Message History

Really fire at your lightning spire?
A wave of flame ripples out!
The flame wave engulfs your lightning spire.
Your lightning spire resists.
Your lightning spire is moderately damaged.
The flame wave engulfs the frost giant!
The frost giant is burned terribly!
The frost giant is lightly wounded. (Press . to intensify the flame waves.)
Your lightning spire disappears in a puff of smoke!
The frost giant misses you.
Unknown command.
A wave of flame ripples out!
The flame wave engulfs the frost giant!
The frost giant is burned terribly!
The frost giant is moderately wounded.
The frost giant is no longer more vulnerable to fire.
The frost giant points at you and mumbles some strange words.
The bolt of cold hits you but does no damage.
The frost giant casts a spell at you. The bolt of cold hits you!!!
You feel a terrible chill!
Unknown command.
A wave of flame ripples out!
The flame wave engulfs the frost giant!
The frost giant is moderately wounded.
You finish channelling waves of flame.
The frost giant casts a spell at you. The bolt of cold hits you!!!
You feel a terrible chill!
Unknown command.
As you read the scroll of teleportation, it crumbles to dust.
You feel strangely unstable.
The frost giant points at you and mumbles some strange words.
The bolt of cold hits you!!!
You feel a terrible chill!
* * * LOW HITPOINT WARNING * * *
A tengu warrior comes into view. It is wielding a +0 arbalest.
The frost giant hits you but does no damage.
Blink to where?
Press: ? - help, Dir - move target
As you read the scroll of blinking, it crumbles to dust.
Your surroundings seem slightly different.
The frost giant points at you and mumbles some strange words.
The bolt of cold hits you!!!
You feel a terrible chill!
You die...

# #.###..########.####..###.
# #.# #..# #.# #...... #
#.###.## ##.## #.##### #
##...## ##...###.# # ###
##..# #.###.##.# # ..# #..#
#.# #....# #
#.########.#############.#..#
#
...........#≈≈.....CQ.#.##..#
#
#.########.#≈.#≈8○###Q####.##
** #.# #.#......# .# ### ,
#.# #.§.##≈..# .# **,, , #.#
#.#......# .# *{,, , #.#
###≈.#≈≈≈# +# ,{* ** #.#
#≈≈......,, * * #.#
########## * ,, ,
#.###########* * ** *
#.##......... ,,,, ##### ***
*


You could see a frost giant and a tengu warrior.

Vanquished Creatures
  Rupert (D:13)
  Kirke (Lair:3)
  Nessos (Lair:3)
  A fire dragon (D:15)
  Josephine (Lair:3)
  An entropy weaver (shapeshifter) (D:13)
  4 hydras
  2 boulder beetles
  2 catoblepae
  7 centaur warriors
  A tengu warrior (D:15)
  7 two-headed ogres
  7 death yaks
  Urug (D:13)
  Nergalle (D:10)
  4 skeletal warriors
  A bog body (Lair:3)
  5 deep elf pyromancers
  2 oklob plants
  4 salamanders (Volcano)
  6 cyclopes
  An ugly thing (D:11)
  6 elephants
  3 manticores (D:14)
  4 black mambas
  3 gargoyles
  Maggie (D:6)
  5 komodo dragons
  4 rime drakes
  3 kobold demonologists
  8 cane toads
  An efreet (D:15)
  An unseen horror (D:11)
  7 polar bears
  6 trolls
  3 tengu conjurers
  2 meliai (D:14)
  Prince Ribbit (D:5)
  6 hornets
  6 slime creatures
  3 dream sheep (Lair:5)
  Sigmund (D:3)
  11 spriggans (Lair:5)
  A vampire (D:11)
  3 water elementals (D:14)
  A shadow (D:12)
  51 yaks
  4 hogs (Lair:3)
  8 wyverns
  A fire bat (Volcano)
  5 wraiths
  11 basilisks
  15 humans
  3 steam dragons
  7 vampire mosquitoes
  2 wargs (D:9)
  An acid dragon (D:12)
  16 water moccasins
  2 hell hounds (Volcano)
  5 orc warriors
  2 sky beasts
  2 black bears
  4 boggarts (Lair:5)
  5 ice beasts
  39 wolves
  13 centaurs
  12 kobold brigands
  A phantom (D:7)
  7 bullfrogs
  5 necrophages
  5 scorpions
  3 gnoll sergeants
  6 wights
  9 killer bees
  4 electric eels
  10 howler monkeys
  A jelly (D:8)
  2 hounds (D:5)
  A gnoll bouda (D:7)
  6 orc priests
  5 iguanas
  7 hell rats
  7 orc wizards
  A mummy (D:7)
  24 gnolls
  3 river rats (Lair:5)
  10 adders
  A white imp (D:7)
  3 ufetubi
  A dart slug (D:3)
  27 orcs
  2 bat skeletons (D:5)
  5 bat zombies (D:5)
  8 endoplasms
  3 giant cockroaches
  3 goblins (D:2)
  4 hobgoblins
  4 jackals (D:1)
  5 ball pythons
  3 bats
  3 frilled lizards
  A hobgoblin zombie (D:7)
  13 kobolds
  2 kobold zombies (D:7)
  An orc zombie (D:7)
  3 rats
  10 foxfires
578 creatures vanquished.

Vanquished Creatures (collateral kills)
  Frances (D:12)
  An entropy weaver (shapeshifter) (D:14)
  2 hydras
  A centaur warrior (D:15)
  A two-headed ogre (D:12)
  A death yak (Lair:2)
  A cyclops (D:13)
  A cane toad (Lair:4)
  2 elephants
  2 komodo dragons
  A kobold demonologist (D:11)
  2 polar bears (Lair:5)
  A meliai (D:14)
  4 dream sheep (Lair:5)
  A slime creature (D:12)
  A wraith (Lair:3)
  A human (D:13)
  A wyvern (Lair:4)
  5 yaks
  A fire bat (Volcano)
  An acid dragon (D:12)
  A hell hound (Volcano)
  3 wolves (Lair:1)
  A boggart (Lair:5)
  A centaur (D:15)
  A gnoll sergeant (D:11)
  2 wights (D:6)
  3 hell rats
  A gnoll (D:11)
  4 river rats (Lair:5)
  An orc (D:10)
  2 kobolds (D:8)
  51 foxfires
103 creatures vanquished.

Vanquished Creatures (others)
  1934 foxfires
  27 fungi
  51 plants
2012 creatures vanquished.

Grand Total: 2693 creatures vanquished

Notes
Turn   | Place    | Note
-------+----------+-------------------------------------------
     0 | D:1      | slphil the Djinni Fire Elementalist began the quest for the
                  | Orb.
     0 | D:1      | slphil set off with the following spells memorised:
                  | Foxfire, Scorch, Kindle Blastsparks, Inner Flame, Flame
                  | Wave.
     0 | D:1      | Reached XP level 1. HP: 15/15 MP: 0/0
   191 | D:1      | Reached skill level 1 in Fighting
   191 | D:1      | Reached XP level 2. HP: 21/22 MP: 0/0
   282 | D:1      | You are sucked into a shaft and drop 1 floor!
   452 | D:2      | Found Sydaheeshra's Antique Weapon Boutique.
   688 | D:2      | Reached XP level 3. HP: 24/27 MP: 0/0
   688 | D:2      | Learned a level 1 spell: Slow
  1247 | D:3      | Noticed Sigmund
  1254 | D:3      | Killed Sigmund
  1255 | D:3      | Reached skill level 3 in Fighting
  1255 | D:3      | Reached XP level 4. HP: 25/36 MP: 0/0
  1255 | D:3      | Reached XP level 5. HP: 27/40 MP: 0/0
  1255 | D:3      | Learned a level 2 spell: Wereblood
  1255 | D:3      | Reached XP level 6. HP: 31/46 MP: 0/0
  1518 | D:1      | Found a faded altar of an unknown god.
  2114 | D:3      | Found an ornate altar of the Wu Jian Council.
  2389 | D:4      | Reached skill level 4 in Fighting
  2828 | D:4      | Reached XP level 7. HP: 48/53 MP: 0/0
  2828 | D:4      | Learned a level 3 spell: Ozocubu's Armour
  2946 | D:4      | Found a shimmering altar of Xom.
  3335 | D:4      | Found Qitzaneg's Armour Shoppe.
  3513 | D:5      | Entered Level 5 of the Dungeon
  3523 | D:5      | Reached skill level 5 in Fighting
  3604 | D:5      | Noticed Prince Ribbit
  3609 | D:5      | Killed Prince Ribbit
  3610 | D:5      | Reached skill level 5 in Spellcasting
  3610 | D:5      | Reached XP level 8. HP: 55/61 MP: 0/0
  3669 | D:5      | Reached skill level 6 in Fighting
  4248 | D:5      | Found a glowing silver altar of Zin.
  4292 | D:5      | Found a shadowy altar of Dithmenos.
  4331 | D:5      | Reached skill level 7 in Fighting
  4463 | D:5      | Found a staircase to the Ecumenical Temple.
  4697 | D:5      | Reached XP level 9. HP: 33/68 MP: 0/0
  4697 | D:5      | Learned a level 4 spell: Summon Lightning Spire
  5074 | D:6      | Found a broken altar of Ashenzari.
  5113 | D:6      | Became a worshipper of Ashenzari the Shackled
  5197 | D:6      | Noticed Maggie
  5207 | D:6      | Killed Maggie
  5208 | D:6      | Reached skill level 8 in Fighting
  5801 | D:6      | Found a transporter.
  5830 | D:6      | Noticed a queen bee
  5856 | D:6      | Noticed Zonian's ghost (novice VSRe)
  5870 | D:6      | Noticed a hornet
  5950 | D:6      | Found a transporter.
  6067 | D:6      | Reached skill level 9 in Fighting
  6206 | D:7      | Reached XP level 10. HP: 68/78 MP: 0/0
  6630 | D:7      | Reached skill level 10 in Fighting
  6656 | D:7      | Found a sacrificial altar of Ru.
  7280 | D:7      | Found a glowing golden altar of the Shining One.
  7678 | D:8      | Noticed a kobold demonologist
  7684 | D:8      | Killed a kobold demonologist
  8285 | D:8      | Noticed a two-headed ogre
  8298 | D:8      | Reached skill level 11 in Fighting
  8298 | D:8      | Reached XP level 11. HP: 28/87 MP: 0/0
  8298 | D:8      | Learned a level 5 spell: Metabolic Englaciation
  8300 | D:8      | Killed a two-headed ogre
  8565 | D:8      | Noticed a two-headed ogre
  8583 | D:8      | Killed a two-headed ogre
  8797 | D:4      | Bought the +1 cloak "Ikessoe" {rCorr} for 309 gold pieces
  9339 | D:9      | Noticed a two-headed ogre
  9339 | D:9      | Found a white marble altar of Elyvilon.
  9348 | D:9      | Killed a two-headed ogre
  9349 | D:9      | Reached skill level 12 in Fighting
  9751 | D:9      | Reached skill level 10 in Spellcasting
  9954 | D:9      | Noticed a deep elf pyromancer
  9961 | D:9      | Killed a deep elf pyromancer
 10222 | D:9      | Found a staircase to the Orcish Mines.
 10585 | D:9      | Found a snail-covered altar of Cheibriados.
 10590 | D:9      | Found a hazy altar of Hepliaklqana.
 10593 | D:9      | Found a hide-covered altar of Uskayaw.
 10826 | D:9      | Identified a scroll of acquirement
 10827 | D:9      | Acquired an amulet of regeneration
 10843 | D:10     | Entered Level 10 of the Dungeon
 10857 | D:10     | Noticed a two-headed ogre
 10864 | D:10     | Killed a two-headed ogre
 10865 | D:10     | Reached XP level 12. HP: 94/96 MP: 0/0
 10939 | D:10     | Noticed Nergalle
 10958 | D:10     | Killed Nergalle
 11142 | D:10     | Reached * piety under Ashenzari
 11146 | D:10     | Found a staircase to the Lair.
 11201 | D:10     | Reached skill level 13 in Fighting
 11202 | D:10     | Reached skill level 5 in Dodging
 11241 | D:10     | Noticed a two-headed ogre
 11246 | D:10     | Killed a two-headed ogre
 11326 | D:10     | Noticed a skeletal warrior
 11338 | D:10     | Killed a skeletal warrior
 11433 | D:10     | Found a basalt altar of Yredelemnul.
 11515 | D:10     | Found a bloodstained altar of Trog.
 11704 | Lair:1   | Entered Level 1 of the Lair of Beasts
 12337 | Lair:1   | Reached ** piety under Ashenzari
 12825 | Lair:2   | Noticed a death yak
 12826 | Lair:2   | Noticed a death yak
 12826 | Lair:2   | Noticed a death yak
 12836 | Lair:2   | Reached XP level 13. HP: 105/107 MP: 0/0
 12836 | Lair:2   | Learned a level 5 spell: Arcjolt
 12849 | Lair:2   | Found a dark tunnel.
 12855 | Volcano  | Entered a volcano
 13024 | Volcano  | Reached skill level 5 in Evocations
 13258 | Lair:2   | Reached skill level 1 in Armour
 13546 | Lair:2   | Reached *** piety under Ashenzari
 13924 | Lair:2   | Reached skill level 5 in Armour
 14029 | Lair:2   | Noticed a seven-headed hydra
 14034 | Lair:2   | Killed a seven-headed hydra
 14372 | Lair:3   | Noticed Kirke
 14380 | Lair:3   | Killed Kirke
 14381 | Lair:3   | Reached skill level 14 in Fighting
 14444 | Lair:3   | Found a staircase to the Swamp.
 14475 | Lair:3   | Noticed Josephine
 14544 | Lair:3   | Found a hole to the Spider Nest.
 14565 | Lair:3   | Reached **** piety under Ashenzari
 14626 | Lair:3   | Reached XP level 14. HP: 115/120 MP: 0/0
 14729 | Lair:3   | Noticed Nessos
 14735 | Lair:3   | Killed Josephine
 14737 | Lair:3   | Killed Nessos
 15099 | Lair:3   | Reached ***** piety under Ashenzari
 15578 | Lair:4   | Found a transporter.
 15867 | Lair:4   | Found a transporter.
 15890 | Lair:4   | Identified the +9 trident of Tension {pain, Will+ rCorr}
 15935 | Lair:4   | Reached skill level 1 in Polearms
 16622 | Lair:4   | Reached skill level 5 in Polearms
 16734 | Lair:5   | Entered Level 5 of the Lair of Beasts
 16958 | Lair:5   | Reached XP level 15. HP: 84/127 MP: 0/0
 16958 | Lair:5   | Learned a level 6 spell: Statue Form
 17011 | Lair:5   | Found a runed translucent door.
 17089 | Lair:5   | Identified the cursed +0 pair of gloves of the Enigmatic
                  | Sphere {Fort, Cun} (You found it on level 2 of the Dungeon)
 17089 | Lair:5   | Identified the cursed +3 steam dragon scales "Per Aspera Ad
                  | Scientiam" {Self, Evo} (You took it off Maggie on level 6
                  | of the Dungeon)
 17210 | Lair:5   | Found a viscous altar of Jiyva.
 17211 | Lair:5   | Found a staircase to the Slime Pits.
 18155 | Lair:5   | Noticed jejorda2's ghost (journeyman MfBe)
 18984 | Lair:5   | Reached ****** piety under Ashenzari
 20362 | D:12     | Noticed Frances
 20374 | D:12     | Killed Frances
 20378 | D:12     | Reached skill level 10 in Polearms
 20442 | D:13     | Noticed Urug
 20442 | D:13     | Noticed Rupert
 20442 | D:13     | Found a gate to the Vaults.
 20450 | D:13     | Killed Urug
 20475 | D:13     | Killed Rupert
 20671 | D:13     | Reached skill level 1 in Shields
 20671 | D:13     | Reached XP level 16. HP: 126/139 MP: 0/0
 22182 | D:15     | Entered Level 15 of the Dungeon
 22780 | D:15     | Noticed a frost giant
 22790 | D:15     | Killed from afar by a frost giant

Illustrated notes

Levels and vault maps discovered:
D:1:      minmay_arrival_open_corners, layout_basic, basic_ecumenical_altar
D:2:      layout_basic, serial_shops, shop
D:3:      layout_loops_ring, nicolae_wu_jian_immortal_techniques,
          kennysheep_generic_room_4, uniq_sigmund
D:4:      layout_loops_corners, brannock_xom_greatest_gift,
          nicolae_overflow_hidden_temple, minivault_27, kennysheep_windowed_goal
D:5:      cheibrodos_quashed, layout_loops_ring,
          grunt_dithmenos_smoke_and_mirrors, kennysheep_vampire_church,
          mainiacjoe_overflow_brackets, minmay_temple_entry_fiery,
          grunt_ministairs_3, hangedman_decor_clover_reticule,
          lightli_corner_chamber, uniq_prince_ribbit1
D:6:      layout_gridville, nicolae_ashenzari_skybound, gammafunk_ghost_hive,
          minmay_crossroads, uniq_maggie
D:7:      layout_basic, mainiacjoe_overflow_alcove_2,
          mainiacjoe_overflow_alcove_4, minmay_mini_ossuary
D:8:      hangedman_cross_stitches, layout_loops_ring, special_room
          [special_room_kobold]
D:9:      layout_loops_ring, elyvilon_altar_5, minmay_overflow_temple_star_quad,
          david_orc_1_choice, guppyfry_early_elven_hall
D:10:     cheibrodos_barr_body, layout_cave_pools,
          mainiacjoe_overflow_small_starburst, kennysheep_mini,
          dpeg_oklobed_lair, minmay_misc_feat_alley, minmay_crystal_room,
          uniq_nergalle
D:11:     layout_stronghold
D:12:     layout_basic, uniq_frances
D:13:     layout_cross, david_vaults_3, grunt_ministairs_11,
          hellmonk_bongcloud_opening
D:14:     layout_grid_maze, serial_bayou_lake_a
D:15:     grunt_enter_depths_snipers, layout_loops_ring, nicolae_integral_box,
          uniq_jorgrun
Lair:1:   layout_small_grid, serial_bayou_pond_d
Lair:2:   layout_hall_layers, enter_volcano_2, serial_bayou_lagoon_a,
          st_stairs_8
Lair:3:   layout_small_grid, skrybe_swamp_entry_bodies,
          spider_nest_entry_web_field, uniq_nessos, uniq_josephine, uniq_kirke
Lair:4:   gammafunk_cloud_chamber, layout_cave_pods, special_room
          [special_room_mythical_zoo], grunt_megastairs_3
Lair:5:   minmay_lair_end_enchanted_forest, layout_loops_ring, slime_entry_1,
          ebering_ghost_reflecting_pool, kennysheep_rathole, lemuel_fruit_tree,
          infiniplex_staircase_pool

Skill      XL: |  1  2  3  4  5  6  7  8  9 10 11 12 13 14 15 16 |
---------------+-------------------------------------------------+-----
Fighting       | 1 3 4 5 7 9 11 12 13 14 | 14.5
Spellcasting   | 3 4 5 6 7 9 10 11 | 11.3
Dodging        | 3 7 8 9 |  9.3
Stealth        | 2 4 |  4.5
Evocations     | 5 7 |  7.4
Armour         | 6 |  6.3
Polearms       | 6 10 12 | 12.0
Shields        | 1 4 |  4.4

Action                   |  1- 3 |  4- 6 |  7- 9 | 10-12 | 13-15 | 16-18 || total
-------------------------+-------+-------+-------+-------+-------+-------++-------
Melee: Short sword       |       |       |     1 |     4 |       |       ||     5
       Scimitar          |       |       |       |     2 |     3 |       ||     5
       Trident           |       |       |       |       |    65 |   135 ||   200
       Punch             |       |       |       |       |     1 |       ||     1
 Cast: Foxfire           |    37 |    28 |   141 |   361 |   516 |    92 ||  1175
       Scorch            |     9 |    17 |    51 |   149 |   240 |    31 ||   497
       Kindle Blastspark |     1 |       |       |     2 |       |       ||     3
       Flame Wave        |       |       |     4 |    19 |     1 |     1 ||    25
       Ozocubu's Armour  |       |       |     2 |     1 |       |       ||     3
       Summon Lightning  |       |       |     2 |     7 |    38 |     6 ||    53
       Metabolic Englaci |       |       |       |     1 |     9 |     1 ||    11
       Arcjolt           |       |       |       |       |    92 |    12 ||   104
       Statue Form       |       |       |       |       |     5 |     3 ||     8
Invok: Curse Item        |       |       |     1 |     2 |     8 |       ||    11
       Shatter the Chain |       |       |       |       |     2 |       ||     2
Evoke: Wand              |       |       |       |       |     2 |       ||     2
  Use: Scroll            |       |     8 |     3 |    14 |     5 |     2 ||    32
 Stab: Distracted        |       |       |       |       |     1 |     1 ||     2
       Invisible         |       |       |       |       |     1 |       ||     1
       Sleeping          |       |       |       |       |       |     4 ||     4
Armor: Robe              |       |       |    11 |       |       |       ||    11
       Steam dragon scal |       |       |       |    68 |    63 |    36 ||   167
       Skin              |       |       |       |       |    43 |    34 ||    77
Dodge: Dodged            |     4 |     2 |    33 |   117 |   265 |   158 ||   579
       Repelled          |       |       |       |       |     4 |     6 ||    10
Block: Buckler           |       |       |       |       |    28 |    61 ||    89

Table legend: (Time is in decaauts)
 A = Elapsed time spent in this place.
 B = Non-inter-level travel time spent in this place.
 C = Inter-level travel time spent in this place.
 D = Time resting spent in this place.
 E = Time spent auto-exploring this place.
 F = Levels seen in this place.
 G = Mean time per level.
                   A        B        C        D        E       F      G
               +--------+--------+--------+--------+--------+-----+--------+
         Total |  22989 |  21529 |   1460 |    604 |  17202 |  21 | 1094.7 |
       Dungeon |  16144 |  15138 |   1006 |    494 |  12340 |  15 | 1076.3 |
          Lair |   6454 |   6000 |    454 |     97 |   4643 |   5 | 1290.8 |
       Volcano |    390 |    390 |      0 |     13 |    219 |   1 |  390.0 |
               +--------+--------+--------+--------+--------+-----+--------+

Top non-repeatable levels by time:
     D:8: 1612 daAuts
  Lair:5: 1584 daAuts
     D:4: 1483 daAuts
     D:7: 1445 daAuts
     D:9: 1388 daAuts
     D:5: 1384 daAuts
  Lair:2: 1274 daAuts
  Lair:4: 1261 daAuts
  Lair:3: 1228 daAuts
    D:14: 1228 daAuts
     D:6: 1159 daAuts
    D:12: 1134 daAuts
  Lair:1: 1105 daAuts
     D:2: 985 daAuts
    D:10: 913 daAuts
